[ PARTIDA AOE2 · #495364263 ]
UnrankedIncas vs Wu
Equipo del jugador · VICT
Equipo rival · DERR
[ ANÁLISIS DE REPETICIÓN · EXTRAÍDO DE LA PARTIDA GRABADA ]
Feudal
10:10
Castillos
22:07
Imperial
—
| APM promedio | 92.9 |
| APM pico | 183 |
| eAPM promedio | 62.5 |
| Aldeanos / militares | 117 / 136 |
Foco
⚔️ 68.9% · 🌾 31.1%
Petard ×88 · Unknown (2550) ×25 · Mangonel ×18 · Monk ×12 · Archer ×11 · Skirmisher ×6
Feudal
8:54
Castillos
21:05
Imperial
—
| APM promedio | 55.2 |
| APM pico | 92 |
| eAPM promedio | 29.5 |
| Aldeanos / militares | 115 / 41 |
Foco
⚔️ 28.6% · 🌾 71.4%
Unknown (1974) ×73 · Scorpion ×16 · Archer ×10 · Militia ×6 · Mangonel ×6 · Monk ×2
Mapa de la partida
Recursos iniciales + cada clic de construcción. Líneas = muros · curvas = relieve. ◆ oro · ⬟ piedra · ● bayas · ✦ reliquia · ◌ hueco del cierre
Tu base· Abierta — hueco de 5t
Base de Draconian· Abierta — hueco de 3t
Terreno inicial suavizado · ◌ = hueco del cierre detectado · pasá el cursor para detalles
Inputs por minuto
— AiM | Whocl - - Draconian
Build order — AiM | Whocl
Primeras 150 de 429 acciones detectadas
| 0:01 | Crear | Villager (Male) |
| 0:01 | Crear | Villager (Male) |
| 0:02 | Construir | House |
| 0:37 | Crear | Villager (Male) |
| 0:46 | Crear | Villager (Male) |
| 1:12 | Construir | Barracks |
| 1:31 | Crear | Villager (Male) |
| 2:04 | Crear | Villager (Male) |
| 2:08 | Crear | Unit 2550 |
| 2:25 | Crear | Villager (Male) |
| 2:48 | Crear | Villager (Male) |
| 3:06 | Construir | Palisade Wall |
| 3:09 | Construir | Palisade Wall |
| 3:09 | Construir | Palisade Wall |
| 3:13 | Crear | Villager (Male) |
| 3:29 | Crear | Villager (Male) |
| 3:29 | Crear | Villager (Male) |
| 3:32 | Construir | House |
| 3:52 | Crear | Unit 2550 |
| 3:52 | Crear | Unit 2550 |
| 4:06 | Crear | Villager (Male) |
| 4:29 | Crear | Villager (Male) |
| 4:56 | Crear | Villager (Male) |
| 5:22 | Crear | Villager (Male) |
| 5:43 | Crear | Villager (Male) |
| 5:56 | Construir | Settlement |
| 6:12 | Crear | Villager (Male) |
| 6:13 | Crear | Villager (Male) |
| 7:02 | Crear | Villager (Male) |
| 7:27 | Investigar | Loom |
| 7:58 | Crear | Villager (Male) |
| 8:00 | Investigar | Feudal Age |
| 8:00 | Investigar | Feudal Age |
| 8:02 | Construir | Settlement |
| 9:21 | Construir | Palisade Wall |
| 9:22 | Construir | Palisade Wall |
| 9:23 | Construir | Palisade Wall |
| 9:24 | Construir | Palisade Wall |
| 9:26 | Crear | Unit 2550 |
| 9:27 | Crear | Unit 2550 |
| 9:36 | Crear | Unit 2550 |
| 10:10 | Edad | Edad Feudal |
| 10:13 | Investigar | Tech 1402 |
| 10:15 | Crear | Villager (Male) |
| 10:19 | Construir | Archery Range |
| 10:25 | Construir | Palisade Wall |
| 10:26 | Construir | Palisade Wall |
| 10:28 | Construir | Palisade Wall |
| 10:30 | Construir | Palisade Wall |
| 10:31 | Construir | Palisade Wall |
| 10:32 | Construir | Palisade Wall |
| 10:38 | Investigar | Double-Bit Axe |
| 10:39 | Crear | Villager (Male) |
| 10:44 | Investigar | Arson |
| 11:00 | Construir | Farm |
| 11:00 | Construir | Farm |
| 11:03 | Crear | Archer |
| 11:04 | Crear | Archer |
| 11:05 | Crear | Villager (Male) |
| 11:20 | Crear | Villager (Male) |
| 11:26 | Construir | House |
| 11:28 | Crear | Archer |
| 11:30 | Crear | Villager (Male) |
| 11:34 | Construir | House |
| 11:50 | Construir | Farm |
| 12:00 | Crear | Archer |
| 12:05 | Construir | Farm |
| 12:11 | Crear | Villager (Male) |
| 12:33 | Crear | Archer |
| 12:54 | Crear | Villager (Male) |
| 13:02 | Crear | Archer |
| 13:05 | Crear | Villager (Male) |
| 13:10 | Construir | Blacksmith |
| 13:20 | Construir | Farm |
| 13:31 | Crear | Unit 2550 |
| 13:38 | Construir | Farm |
| 13:40 | Construir | Farm |
| 13:43 | Crear | Villager (Male) |
| 13:55 | Construir | House |
| 14:00 | Crear | Archer |
| 14:00 | Crear | Archer |
| 14:06 | Construir | Farm |
| 14:07 | Crear | Villager (Male) |
| 14:35 | Crear | Villager (Male) |
| 14:39 | Construir | Watch Tower |
| 14:52 | Construir | Farm |
| 14:54 | Construir | Farm |
| 14:55 | Crear | Villager (Male) |
| 14:56 | Investigar | Fletching |
| 15:06 | Crear | Skirmisher |
| 15:06 | Crear | Skirmisher |
| 15:12 | Crear | Villager (Male) |
| 15:20 | Crear | Skirmisher |
| 15:29 | Construir | Farm |
| 15:30 | Crear | Villager (Male) |
| 15:38 | Crear | Skirmisher |
| 15:46 | Construir | House |
| 15:55 | Crear | Villager (Male) |
| 16:09 | Construir | Farm |
| 16:10 | Construir | Farm |
| 16:22 | Crear | Villager (Male) |
| 16:31 | Crear | Skirmisher |
| 16:42 | Construir | Farm |
| 16:42 | Construir | Farm |
| 16:49 | Construir | Farm |
| 16:51 | Construir | Farm |
| 16:52 | Crear | Villager (Male) |
| 17:18 | Crear | Archer |
| 17:21 | Crear | Villager (Male) |
| 17:24 | Construir | Settlement |
| 17:45 | Construir | Farm |
| 17:50 | Construir | Farm |
| 17:50 | Crear | Villager (Male) |
| 18:00 | Construir | House |
| 18:01 | Construir | House |
| 18:12 | Crear | Skirmisher |
| 18:13 | Crear | Villager (Male) |
| 18:41 | Construir | Palisade Gate |
| 18:46 | Crear | Villager (Male) |
| 18:57 | Construir | Market |
| 18:57 | Crear | Villager (Male) |
| 19:04 | Crear | Villager (Male) |
| 19:27 | Investigar | Castle Age |
| 19:38 | Crear | Unit 2550 |
| 19:38 | Crear | Unit 2550 |
| 19:46 | Construir | Archery Range |
| 19:50 | Crear | Unit 2550 |
| 20:04 | Investigar | Horse Collar |
| 20:04 | Investigar | Horse Collar |
| 20:08 | Crear | Unit 2550 |
| 20:16 | Construir | Outpost |
| 20:17 | Construir | Outpost |
| 20:19 | Construir | Outpost |
| 20:23 | Construir | Farm |
| 20:25 | Crear | Archer |
| 20:41 | Crear | Archer |
| 20:45 | Crear | Unit 2550 |
| 20:56 | Investigar | Gold Mining |
| 21:04 | Construir | Farm |
| 22:07 | Edad | Edad de los Castillos |
| 22:11 | Crear | Petard |
| 22:11 | Crear | Petard |
| 22:12 | Investigar | Bodkin Arrow |
| 22:16 | Crear | Villager (Male) |
| 22:22 | Investigar | Bow Saw |
| 22:25 | Construir | Siege Workshop |
| 22:26 | Crear | Villager (Male) |
| 22:29 | Construir | Siege Workshop |
| 22:37 | Crear | Petard |
| 22:37 | Crear | Petard |
Build order — Draconian
Primeras 150 de 369 acciones detectadas
| 0:00 | Crear | Villager (Male) |
| 0:01 | Crear | Villager (Male) |
| 0:01 | Crear | Villager (Male) |
| 0:02 | Construir | House |
| 0:03 | Construir | House |
| 0:18 | Crear | Villager (Male) |
| 0:18 | Crear | Villager (Male) |
| 1:23 | Crear | Villager (Male) |
| 1:23 | Crear | Villager (Male) |
| 1:43 | Construir | Lumber Camp |
| 1:47 | Crear | Villager (Male) |
| 1:47 | Crear | Villager (Male) |
| 2:16 | Crear | Villager (Male) |
| 2:42 | Crear | Villager (Male) |
| 2:58 | Construir | House |
| 2:59 | Construir | House |
| 3:20 | Crear | Villager (Male) |
| 3:20 | Crear | Villager (Male) |
| 3:21 | Crear | Villager (Male) |
| 4:02 | Crear | Villager (Male) |
| 4:02 | Crear | Villager (Male) |
| 4:34 | Crear | Villager (Male) |
| 4:55 | Construir | Barracks |
| 4:59 | Crear | Villager (Male) |
| 5:11 | Crear | Villager (Male) |
| 5:48 | Crear | Villager (Male) |
| 6:07 | Construir | House |
| 6:17 | Crear | Villager (Male) |
| 6:38 | Construir | House |
| 6:44 | Investigar | Feudal Age |
| 6:44 | Investigar | Feudal Age |
| 7:09 | Crear | Militia |
| 7:09 | Crear | Militia |
| 7:23 | Construir | Mining Camp |
| 7:31 | Construir | Palisade Wall |
| 7:33 | Construir | Palisade Wall |
| 7:34 | Construir | Palisade Wall |
| 7:42 | Crear | Militia |
| 7:42 | Crear | Militia |
| 7:43 | Crear | Militia |
| 7:51 | Construir | Palisade Wall |
| 7:55 | Construir | Palisade Wall |
| 7:57 | Construir | Palisade Wall |
| 7:59 | Construir | Palisade Wall |
| 8:00 | Construir | Palisade Wall |
| 8:04 | Construir | Palisade Wall |
| 8:14 | Crear | Villager (Male) |
| 8:40 | Crear | Militia |
| 8:54 | Edad | Edad Feudal |
| 8:57 | Crear | Villager (Male) |
| 8:59 | Construir | Archery Range |
| 9:39 | Investigar | Man-at-Arms (upgrade) |
| 9:39 | Investigar | Man-at-Arms (upgrade) |
| 9:57 | Crear | Villager (Male) |
| 9:58 | Crear | Archer |
| 10:22 | Crear | Villager (Male) |
| 10:33 | Construir | House |
| 10:34 | Crear | Archer |
| 10:37 | Construir | Blacksmith |
| 10:44 | Investigar | Double-Bit Axe |
| 10:44 | Investigar | Double-Bit Axe |
| 10:59 | Crear | Villager (Male) |
| 11:00 | Crear | Villager (Male) |
| 11:18 | Crear | Villager (Male) |
| 11:18 | Crear | Archer |
| 11:40 | Construir | House |
| 11:51 | Construir | Mill |
| 11:52 | Crear | Villager (Male) |
| 11:52 | Crear | Villager (Male) |
| 12:05 | Crear | Villager (Male) |
| 12:12 | Crear | Archer |
| 12:12 | Crear | Archer |
| 12:44 | Construir | Palisade Wall |
| 12:53 | Crear | Villager (Male) |
| 12:53 | Crear | Villager (Male) |
| 13:05 | Construir | Farm |
| 13:05 | Construir | Farm |
| 13:06 | Construir | Farm |
| 13:06 | Construir | Farm |
| 13:06 | Construir | Farm |
| 13:20 | Crear | Villager (Male) |
| 13:20 | Crear | Villager (Male) |
| 13:24 | Construir | Watch Tower |
| 13:32 | Construir | Farm |
| 13:35 | Construir | House |
| 13:36 | Construir | House |
| 13:38 | Crear | Archer |
| 13:38 | Crear | Archer |
| 13:40 | Construir | Farm |
| 13:40 | Construir | Farm |
| 13:50 | Crear | Villager (Male) |
| 13:50 | Crear | Villager (Male) |
| 13:52 | Construir | Farm |
| 14:08 | Crear | Archer |
| 14:09 | Construir | Farm |
| 14:16 | Investigar | Loom |
| 14:16 | Investigar | Loom |
| 14:26 | Crear | Villager (Male) |
| 14:26 | Crear | Villager (Male) |
| 14:26 | Crear | Villager (Male) |
| 14:43 | Investigar | Fletching |
| 14:43 | Investigar | Fletching |
| 14:48 | Crear | Villager (Male) |
| 14:55 | Construir | Farm |
| 14:56 | Construir | Farm |
| 14:59 | Construir | Farm |
| 15:01 | Crear | Villager (Male) |
| 15:01 | Crear | Villager (Male) |
| 15:06 | Investigar | Town Watch |
| 15:21 | Crear | Villager (Male) |
| 15:21 | Crear | Villager (Male) |
| 15:30 | Crear | Villager (Male) |
| 15:30 | Crear | Villager (Male) |
| 15:31 | Crear | Archer |
| 15:31 | Crear | Archer |
| 15:52 | Construir | Farm |
| 15:55 | Construir | House |
| 15:56 | Construir | House |
| 16:08 | Crear | Villager (Male) |
| 16:09 | Crear | Villager (Male) |
| 16:29 | Construir | Mining Camp |
| 16:39 | Crear | Villager (Male) |
| 16:48 | Crear | Villager (Male) |
| 17:06 | Construir | Palisade Wall |
| 17:09 | Construir | Palisade Wall |
| 17:18 | Construir | Market |
| 18:00 | Construir | House |
| 18:25 | Investigar | Castle Age |
| 18:25 | Investigar | Castle Age |
| 18:55 | Construir | Barracks |
| 18:59 | Investigar | Scale Mail Armor |
| 19:16 | Construir | Farm |
| 19:20 | Construir | Farm |
| 19:57 | Construir | Barracks |
| 20:13 | Investigar | Forging |
| 20:16 | Investigar | Horse Collar |
| 20:17 | Investigar | Horse Collar |
| 20:30 | Construir | Farm |
| 20:34 | Construir | House |
| 20:43 | Construir | House |
| 20:44 | Construir | House |
| 20:59 | Crear | Villager (Male) |
| 21:05 | Edad | Edad de los Castillos |
| 21:06 | Crear | Unit 1974 |
| 21:06 | Crear | Unit 1974 |
| 21:07 | Crear | Unit 1974 |
| 21:07 | Crear | Unit 1974 |
| 21:15 | Investigar | Chain Mail Armor |
| 21:15 | Investigar | Chain Mail Armor |
| 21:23 | Crear | Unit 1974 |
Cronología de la partida
| 1:12 | AiM | Whocl · first_building Barracks |
| 3:06 | AiM | Whocl · wall_segment Palisade Wall x1 |
| 3:09 | AiM | Whocl · wall_segment Palisade Wall x1 |
| 3:09 | AiM | Whocl · wall_segment Palisade Wall x1 |
| 4:55 | Draconian · first_building Barracks |
| 7:31 | Draconian · wall_segment Palisade Wall x1 |
| 7:33 | Draconian · wall_segment Palisade Wall x1 |
| 7:34 | Draconian · wall_segment Palisade Wall x1 |
| 7:51 | Draconian · wall_segment Palisade Wall x1 |
| 7:55 | Draconian · wall_segment Palisade Wall x1 |
| 7:57 | Draconian · wall_segment Palisade Wall x1 |
| 7:59 | Draconian · wall_segment Palisade Wall x1 |
| 8:00 | Draconian · wall_segment Palisade Wall x1 |
| 8:04 | Draconian · wall_segment Palisade Wall x1 |
| 8:54 | Draconian · age_up feudal |
| 8:59 | Draconian · first_building Archery Range |
| 9:21 | AiM | Whocl · wall_segment Palisade Wall x1 |
| 9:22 | AiM | Whocl · wall_segment Palisade Wall x1 |
| 9:23 | AiM | Whocl · wall_segment Palisade Wall x1 |
| 9:24 | AiM | Whocl · wall_segment Palisade Wall x1 |
| 10:10 | AiM | Whocl · age_up feudal |
| 10:19 | AiM | Whocl · first_building Archery Range |
| 10:25 | AiM | Whocl · wall_segment Palisade Wall x1 |
| 10:26 | AiM | Whocl · wall_segment Palisade Wall x1 |
| 10:28 | AiM | Whocl · wall_segment Palisade Wall x1 |
| 10:30 | AiM | Whocl · wall_segment Palisade Wall x1 |
| 10:31 | AiM | Whocl · wall_segment Palisade Wall x1 |
| 10:32 | AiM | Whocl · wall_segment Palisade Wall x1 |
| 12:44 | Draconian · wall_segment Palisade Wall x1 |
| 17:06 | Draconian · wall_segment Palisade Wall x1 |
| 17:09 | Draconian · wall_segment Palisade Wall x1 |
| 17:53 | Draconian · first_market_buy 100 food |
| 17:53 | Draconian · first_market_sell 100 wood |
| 21:05 | Draconian · age_up castle |
| 22:07 | AiM | Whocl · age_up castle |
| 22:25 | AiM | Whocl · first_building Siege Workshop |
| 22:34 | Draconian · first_building Siege Workshop |
| 26:03 | AiM | Whocl · first_building Monastery |
| 29:23 | AiM | Whocl · first_market_buy 100 stone |
| 29:54 | Draconian · first_building Monastery |
| 41:58 | Draconian · resign |
[ ANÁLISIS IA · 1 CRÉDITO ]
¿Qué pasó realmente en esta partida?
Wolo.gg analiza cada decisión: build order, eco, micro, errores típicos por bracket. Análisis personalizado por WhatsApp o Discord en 30 segundos.
Guía civ
Incas
Perfil
Jugador #2309468